 Dungeon Crawl Stone Soup version 0.29-a0-8-g0446c0dae4 (webtiles) character file.

Game seed: 8914874388251743426

102029 gruber the Destroyer (level 15, -11/132 HPs)
             Began as a Yellow Draconian Conjurer on Jan 26, 2022.
             Was a High Priest of Vehumet.
             Shot with a bolt by a yaktaur (19 damage)
             ... on level 15 of the Dungeon on Jan 27, 2022.
             The game lasted 01:00:03 (39433 turns).

gruber the Destroyer (Yellow Draconian Conjurer)   Turns: 39433, Time: 01:00:03

Health: -11/132    AC: 10    Str: 12    XL:     15   Next: 85%
Magic:  13/30      EV: 14    Int: 32    God:    Vehumet [*****.]
Gold:   2439       SH:  0    Dex: 10    Spells: 9/36 levels left

rFire   + + .      SeeInvis .   e - +11 short sword of Anxiety {flame, rN+}
rCold   + . .      Faith    .   (no shield)
rNeg    + . .      Spirit   .   (armour unavailable)
rPois   +          Reflect  .   (helmet restricted)
rElec   .          Harm     .   J - scarf {rC+ rF+}
rCorr   +          Rampage  .   O - +0 pair of gloves
Will    +....                   (no boots)
Stlth   ++++......              x - amulet of regeneration
HPRegen 1.12/turn               R - +6 ring of intelligence
MPRegen 0.22/turn               W - ring "Nadghumol" {rPois rF+ rCorr Str+3}

@: about to teleport
A: spit acid, AC +9, unfitting armour, acidic bite, cold-blooded, acid
resistance
a: Breathe Acid, Renounce Religion


You were on level 15 of the Dungeon.
You worshipped Vehumet.
Vehumet was extremely pleased with you.
You visited 4 branches of the dungeon, and saw 24 of its levels.
You also visited: Ossuary.

You collected 2439 gold pieces.

Inventory:

Hand Weapons
 e - the +11 short sword of Anxiety (weapon) {flame, rN+}
   (You found it on level 4 of the Lair of Beasts)

   It burns those it strikes, dealing additional fire damage.
   rN:        It protects you from negative energy.
 X - the +7 whip "Wuerizya" {pain, Str+7}
   (You found it on level 1 of the Lair of Beasts)

   In the hands of one skilled in necromantic magic, it inflicts extra damage on
   living creatures.
   Str:       It affects your strength (+7).
Missiles
 I - 16 curare-tipped darts
 L - 3 throwing nets
Armour
 J - a scarf of resistance (worn)
 O - a +0 pair of gloves (worn)
Jewellery
 j - a +6 ring of dexterity
 t - a ring of wizardry
 x - an amulet of regeneration (around neck)
 P - a +4 ring of protection
 R - a +6 ring of intelligence (left hand)
 W - the ring "Nadghumol" (right hand) {rPois rF+ rCorr Str+3}
   (You took it off a vampire on level 11 of the Dungeon)

   [ring of protection from fire]

   Str:       It affects your strength (+3).
   rF:        It protects you from fire.
   rPois:     It protects you from poison.
   rCorr:     It protects you from acid and corrosion.
Wands
 p - a wand of mindburst (12)
 G - a wand of iceblast (21)
 H - a wand of polymorph (2)
 N - a wand of digging (3)
 Q - a wand of paralysis (9)
 U - a wand of acid (6)
 V - a wand of charming (8)
 Y - a wand of flame (39)
Scrolls
 b - 5 scrolls of fog {unknown}
 d - 4 scrolls of vulnerability {unknown}
 f - 3 scrolls of silence {unknown}
 g - 4 scrolls of summoning {unknown}
 h - 22 scrolls of identify {unknown}
 l - 7 scrolls of noise {unknown}
 m - 3 scrolls of enchant weapon {unknown}
 n - 7 scrolls of immolation {unknown}
 o - a scroll of brand weapon {unknown}
 r - 17 scrolls of teleportation
 v - a scroll of blinking {unknown}
 w - 2 scrolls of enchant armour {unknown}
 y - 10 scrolls of fear {unknown}
 C - 4 scrolls of magic mapping {unknown}
 K - a scroll of torment {unknown}
 M - 6 scrolls of amnesia {unknown}
 T - a scroll of acquirement {unknown}
 Z - 3 scrolls of holy word {unknown}
Potions
 a - 7 potions of attraction {unknown}
 c - 4 potions of degeneration {unknown}
 i - 8 potions of heal wounds
 k - 4 potions of brilliance {unknown}
 q - a potion of experience {unknown}
 s - 2 potions of berserk rage {unknown}
 u - 12 potions of curing {unknown}
 z - 4 potions of magic {unknown}
 A - 5 potions of lignification {unknown}
 B - a potion of mutation {unknown}
 D - 2 potions of might {unknown}
 E - 2 potions of flight {unknown}
 F - 3 potions of haste
 S - a potion of invisibility


   Skills:
 - Level 12.0 Fighting
 - Level 7.0 Dodging
 - Level 9.5 Stealth
 - Level 11.0 Spellcasting
 - Level 14.0 Conjurations
 - Level 3.2 Hexes
 * Level 5.6 Summonings
 - Level 14.0 Fire Magic
 - Level 6.5 Earth Magic


You had 9 spell levels left.
You knew the following spells:

 Your Spells              Type           Power      Damage    Failure   Level
a - Magic Dart            Conj           100%       1d8       0%          1
b - Searing Ray           Conj           100%       2d8       0%          2
c - Dazzling Flash        Conj/Hex       100%       N/A       1%          3
d - Sticky Flame          Conj/Fire      82%        2d9       1%          4
e - Fireball              Conj/Fire      41%        3d17      1%          5
f - Scorch                Fire           100%       2d10      0%          2
g - Stone Arrow           Conj/Erth      100%       3d13      1%          3
h - Spellforged Servitor  Conj/Summ      34%        N/A       11%         7

Your spell library contained the following spells:

 Spells                   Type           Power      Damage    Failure   Level
 Irradiate                Conj/Tmut      29%        3d23      1%          5
 Static Discharge         Conj/Air       58%        N/A       1%          2
 Conjure Flame            Conj/Fire      82%        6-21      1%          3
 Ignite Poison            Fire/Tmut/Pois 47%        N/A       1%          3
 Fulminant Prism          Conj/Hex       32%        3d16      1%          4
 Iskenderun's Mystic Bla  Conj/Tloc      58%        2d12      1%          4
 Starburst                Conj/Fire      41%        6d12      1%          6
 Apportation              Tloc           34%        N/A       2%          1
 Pain                     Necr           68%        1d7       2%          1
 Summon Lightning Spire   Summ/Air       35%        N/A       9%          4
 Ignition                 Fire           41%        3d12      16%         8
 Animate Dead             Necr           8%         N/A       26%         4
 Dispel Undead            Necr           17%        3d10      26%         4
 Agony                    Necr           17%        N/A       58%         5
 Alistair's Intoxication  Tmut/Pois      11%        N/A       58%         5
 Excruciating Wounds      Necr           8%         N/A       58%         5
 Haunt                    Necr/Summ      17%        N/A       100%        7
 Storm Form               Tmut/Air       8%         N/A       100%        7
 Infestation              Necr           8%         N/A       100%        8
 Maxwell's Capacitive Co  Air            8%         ∞         100%        8


Dungeon Overview and Level Annotations

Branches:
Dungeon (15/15)            Temple (1/1) D:7            Lair (6/6) D:10
 Shoals (0/4) Lair:3       Spider (0/4) Lair:2        Slime (0/5) Lair:5
    Orc (2/2) D:9             Elf (0/3) Orc:2        Vaults (0/5) D:13
Ossuary (visited)
 Depths: D:15

Altars:
Ashenzari
Cheibriados
Dithmenos
Elyvilon
Fedhas
Gozag
Hepliaklqana
Kikubaaqudgha
Makhleb
Nemelex Xobeh
Okawaru
Qazlal
Ru
Sif Muna
Trog
Uskayaw
Vehumet
Wu Jian
Xom
Yredelemnul
Zin
The Shining One
Jiyva
Lugonu

Shops:
D:2 *   D:5 (   Orc:2 [:[!

Portals:
Abyss: Lair:6

Annotations:
D:8 Psyche
Lair:3 1 runed translucent door, Ecoseuz's ghost, journeyman DrAE
Lair:6 3 runed translucent doors, Uclego's ghost, journeyman MiBe


Innate Abilities, Weirdness & Mutations

You can spit globs of acid.
Your golden yellow scales are hard. (AC +9)
You cannot fit into any form of body armour.
You have acidic saliva.
You are cold-blooded and may be slowed by cold attacks.
You are resistant to acid. (rCorr)


Message History

The brown ugly thing is moderately wounded.
The fireball engulfs the brown ugly thing!!
The brown ugly thing is severely wounded.
A yaktaur comes into view.
Unknown command.
Unknown command.
Unknown command.
The yaktaur wields a +0 arbalest.
The yaktaur shoots a bolt.
The bolt hits you.
You hear an angry buzzing noise.
The brown ugly thing stings you!
You are splashed with acid.
You resist. The brown ugly thing misses you.
The red ugly thing pecks you but does no damage.
The yaktaur shoots a bolt.
The bolt hits you!
The red ugly thing basks in the mutagenic energy from its kin and changes!
The brown ugly thing basks in the mutagenic energy from its kin and changes!
A yaktaur comes into view.
The yaktaur shoots a bolt.
The bolt barely misses you. The red ugly thing pecks you.
You are engulfed in flames.
You resist.
The yaktaur shoots a bolt.
The bolt hits you!
You hear a shout!
A yaktaur comes into view.
The yaktaur enters a dispersal trap!
The yaktaur blinks!
The red ugly thing blinks!
The brown ugly thing blinks!
The red ugly thing blinks!
The brown ugly thing blinks!
You blink.
The yaktaur blinks!
The yaktaur shoots a bolt.
The bolt barely misses you.
The yaktaur wields a +0 arbalest.
The yaktaur shoots a bolt.
The bolt hits you!
The yaktaur wields a +0 arbalest.
The yaktaur shoots a bolt.
The bolt hits you!!
The yaktaur shoots a bolt.
The bolt hits you!!
* * * LOW HITPOINT WARNING * * *
The red ugly thing closely misses you.
Unknown command.
Unknown command.
As you read the scroll of teleportation, it crumbles to dust.
You feel strangely unstable.
The yaktaur shoots a bolt.
The bolt misses you. The red ugly thing pecks you!
* * * LOW HITPOINT WARNING * * *
You are engulfed in flames.
You resist.
* * * LOW HITPOINT WARNING * * *
The yaktaur shoots a bolt.
The bolt hits you!!
You die...

#..# #..# ..............
##.### #..........#..
#....# #^..#c#......
#....# ##...#....#.#
#####....# ##...........#
......#### #....u§<.c...#
#####..#####.....u......#
##..<..#....@§§.....#
#####.##...u....u..###
#......c##.....(.#
######.....#.....#
#######.....# #######


You could see 4 ugly things and 3 yaktaurs.

Vanquished Creatures
  A frost giant (D:12)
  A war gargoyle (D:12)
  A dire elephant (Lair:6)
  An ettin (D:12)
  Josephine (D:10)
  4 centaur warriors
  3 boulder beetles
  9 hydras
  A vault guard (D:13)
  5 ogre magi
  Harold (Orc:1)
  A death knight (D:12)
  2 anacondas (Lair:6)
  A death yak (Lair:6)
  19 two-headed ogres
  2 orc high priests
  2 thrashing horrors (Lair:6)
  Sonja (D:10)
  2 large abominations (Lair:6)
  A fire crab (Lair:6)
  3 skeletal warriors
  A deep elf pyromancer (D:14)
  2 cyclopes
  5 oklob plants (Lair:5)
  A manticore (D:13)
  14 elephants
  11 ugly things
  Joseph (D:10)
  2 black mambas
  A water nymph (shapeshifter) (Lair:6)
  2 centaur zombies
  3 smoke demons (Lair:6)
  A gargoyle (D:12)
  A torpor snail (Lair:6)
  13 cane toads
  A yaktaur (D:15)
  A kobold demonologist (D:11)
  2 rime drakes
  9 komodo dragons
  2 efreet
  2 ice devils (D:13)
  4 trolls
  An ancient zyme (Lair:6)
  2 polar bears (Lair:2)
  2 meliai (D:14)
  3 hornets
  35 blink frogs
  8 slime creatures
  A jumping spider (Lair:2)
  8 wraiths
  2 shadows
  2 vampires
  5 wyverns
  A spriggan (Lair:6)
  2 ynoxinuls (Lair:6)
  2 chaos spawn (Lair:6)
  57 yaks
  10 basilisks
  4 steam dragons
  3 redbacks (Lair:2)
  5 vampire mosquitoes
  2 wargs
  19 water moccasins
  15 orc warriors
  12 small abominations (Lair:6)
  5 black bears
  An ice beast (D:6)
  2 necrophages
  6 wolves
  12 centaurs
  A centaur (shapeshifter) (D:15)
  31 ogres
  22 kobold brigands
  13 bullfrogs
  2 elf zombies (D:6)
  2 scorpions
  A water moccasin skeleton (D:5)
  16 killer bees
  9 wights
  5 electric eels
  2 bullfrog zombies (D:6)
  A howler monkey (D:12)
  2 hounds (D:5)
  A jelly (D:7)
  21 orc priests
  2 human zombies
  A bullfrog skeleton (D:4)
  4 human skeletons (D:6)
  An iguana (D:4)
  19 orc wizards
  A hell rat (Lair:6)
  A killer bee zombie (D:7)
  A hound zombie (Ossuary)
  4 mummies (Ossuary)
  2 howler monkey skeletons
  9 adders
  A shadow imp (D:6)
  2 white imps
  3 adder zombies (Ossuary)
  2 adder skeletons (D:4)
  A worm (D:2)
  A dart slug (D:2)
  57 orcs
  7 ball pythons
  7 bats
  10 endoplasms
  A giant cockroach (D:2)
  5 goblins
  7 hobgoblins
  4 jackals (D:4)
  26 kobolds
  2 quokkas
  2 frilled lizards
  A gnoll zombie (Ossuary)
  A goblin zombie (Ossuary)
  A hobgoblin zombie (Ossuary)
  A jackal zombie (Ossuary)
  4 orc skeletons (D:6)
  2 orc zombies (Ossuary)
  4 rats
  A rat zombie (Ossuary)
695 creatures vanquished.

Vanquished Creatures (collateral kills)
  A centaur warrior (D:13)
  A skeletal warrior (D:13)
  2 ugly things (D:13)
4 creatures vanquished.

Vanquished Creatures (others)
  An orc priest (D:8)
  2 kobolds (D:9)
  66 fungi
  66 plants
  2 withered plants (Lair:3)
137 creatures vanquished.

Grand Total: 836 creatures vanquished

Notes
Turn   | Place    | Note
-------+----------+-------------------------------------------
     0 | D:1      | gruber the Draconian Conjurer began the quest for the Orb.
     0 | D:1      | Reached XP level 1. HP: 14/14 MP: 3/3
   244 | D:1      | Reached XP level 2. HP: 20/20 MP: 1/5
   570 | D:1      | Learned a level 2 spell: Searing Ray
  1275 | D:1      | Found a faded altar of an unknown god.
  1659 | D:2      | Reached skill level 5 in Conjurations
  1812 | D:2      | Reached XP level 3. HP: 26/26 MP: 4/6
  2197 | D:2      | Found Nippusko's General Store.
  2352 | D:2      | Reached XP level 4. HP: 33/33 MP: 2/7
  3430 | D:3      | Reached XP level 5. HP: 38/38 MP: 2/9
  4139 | D:4      | Reached skill level 1 in Fighting
  4199 | D:4      | Noticed an ogre
  4223 | D:4      | Killed an ogre
  4224 | D:4      | Reached XP level 6. HP: 50/51 MP: 9/10
  5024 | D:5      | Entered Level 5 of the Dungeon
  5435 | D:5      | Found Sioppis's Weapon Emporium.
  5448 | D:5      | Your scales start taking on a golden yellow colour.
  5448 | D:5      | Reached XP level 7. HP: 52/57 MP: 11/11
  5448 | D:5      | Gained mutation: You are resistant to acid. (rCorr) [Yellow
                  | Draconian growth]
  5452 | D:5      | Learned a level 3 spell: Dazzling Flash
  5457 | D:5      | Learned a level 4 spell: Sticky Flame
  5925 | D:5      | Reached skill level 1 in Fire Magic
  6254 | D:6      | Reached skill level 1 in Hexes
  6502 | D:6      | Found a sand-covered staircase.
  6519 | Ossuary  | Entered an ossuary
  7119 | D:6      | Reached XP level 8. HP: 54/63 MP: 12/12
  7503 | D:6      | Reached skill level 5 in Fire Magic
  8038 | D:6      | Reached XP level 9. HP: 54/69 MP: 5/15
  8609 | D:7      | Found a staircase to the Ecumenical Temple.
  8619 | Temple   | Entered the Ecumenical Temple
  9133 | D:7      | Reached skill level 5 in Spellcasting
 10506 | D:8      | Noticed Psyche
 10574 | D:7      | Learned a level 5 spell: Fireball
 10636 | D:8      | You fall into a shaft and drop 1 floor!
 10706 | D:9      | Noticed a two-headed ogre
 11595 | D:8      | Reached skill level 10 in Conjurations
 11595 | D:8      | Reached XP level 10. HP: 19/77 MP: 19/19
 11980 | D:8      | Found a radiant altar of Vehumet.
 11983 | D:8      | Became a worshipper of Vehumet
 12570 | D:9      | Killed a two-headed ogre
 12723 | D:9      | Found a burning altar of Makhleb.
 12759 | D:9      | Noticed a cacodemon
 12762 | D:9      | Noticed a smoke demon
 12902 | D:9      | Found a staircase to the Orcish Mines.
 13049 | D:10     | Entered Level 10 of the Dungeon
 13049 | D:10     | Found a staircase to the Lair.
 13053 | D:10     | Noticed Josephine
 13171 | D:10     | Noticed Sonja
 13172 | D:10     | Noticed Joseph
 13397 | D:10     | Killed Sonja
 13522 | D:10     | Killed Josephine
 13712 | D:10     | Killed Joseph
 13983 | D:10     | Reached * piety under Vehumet
 13983 | D:10     | Offered knowledge of Freeze by Vehumet.
 14165 | D:10     | Reached XP level 11. HP: 82/82 MP: 20/20
 14509 | D:11     | Noticed a boulder beetle
 14635 | D:11     | Noticed a red ugly thing
 14637 | D:11     | Killed a boulder beetle
 15653 | D:11     | Noticed a two-headed ogre
 15935 | D:11     | Noticed a two-headed ogre
 15942 | D:11     | Killed a two-headed ogre
 16111 | D:11     | Killed a two-headed ogre
 16562 | D:11     | Reached ** piety under Vehumet
 16672 | D:11     | Offered knowledge of Scorch by Vehumet.
 16727 | D:11     | Learned a level 2 spell: Scorch
 16767 | D:11     | Noticed a white ugly thing
 16780 | D:11     | Killed a white ugly thing
 16781 | D:11     | Reached skill level 10 in Fire Magic
 16811 | D:10     | Killed a red ugly thing
 17128 | D:11     | Noticed a two-headed ogre
 17131 | D:11     | Killed a two-headed ogre
 17380 | Lair:1   | Entered Level 1 of the Lair of Beasts
 18010 | Lair:1   | Identified the +7 whip "Wuerizya" {pain, Str+7}
 18852 | Lair:2   | Reached XP level 12. HP: 57/89 MP: 12/21
 20331 | Lair:2   | Found a hole to the Spider Nest.
 20705 | Lair:2   | Reached skill level 5 in Fighting
 20983 | Lair:3   | Offered knowledge of Ignite Poison by Vehumet.
 21047 | Lair:3   | Found a runed translucent door.
 21048 | Lair:3   | Noticed Ecoseuz's ghost (journeyman DrAE)
 21060 | Lair:3   | Found a staircase to the Shoals.
 21140 | Lair:3   | Noticed a six-headed hydra
 21260 | Lair:3   | Reached *** piety under Vehumet
 22093 | Lair:3   | Killed a six-headed hydra
 22642 | Lair:4   | Offered knowledge of Stone Arrow by Vehumet.
 22698 | Lair:3   | Learned a level 3 spell: Stone Arrow
 22840 | Lair:4   | Reached skill level 10 in Fighting
 22890 | Lair:3   | Reached XP level 13. HP: 113/113 MP: 6/22
 23309 | Lair:4   | Identified the +11 short sword of Anxiety {flame, rN+}
 24386 | Lair:5   | Reached **** piety under Vehumet
 24439 | Lair:5   | Offered knowledge of Yara's Violent Unravelling by Vehumet.
 25028 | Lair:5   | Found a staircase to the Slime Pits.
 25032 | Lair:5   | Reached skill level 5 in Dodging
 26303 | Lair:6   | Entered Level 6 of the Lair of Beasts
 26308 | Lair:6   | Reached ***** piety under Vehumet
 26419 | Lair:6   | Offered knowledge of Flame Wave by Vehumet.
 26426 | Lair:6   | Reached skill level 5 in Stealth
 26592 | Lair:6   | Found a runed translucent gate.
 26592 | Lair:6   | Found a runed translucent gate.
 26592 | Lair:6   | Found a runed translucent gate.
 26593 | Lair:6   | Noticed an acid blob
 26593 | Lair:6   | Noticed an acid blob
 26594 | Lair:6   | Noticed an acid blob
 26594 | Lair:6   | Noticed an azure jelly
 26595 | Lair:6   | Noticed Uclego's ghost (journeyman MiBe)
 26595 | Lair:6   | Noticed an acid blob
 27240 | Lair:5   | Gained mutation: You have acidic saliva. [Yellow Draconian
                  | growth]
 27240 | Lair:5   | Reached XP level 14. HP: 117/126 MP: 20/23
 28016 | Lair:6   | Noticed an azure jelly
 28025 | Lair:6   | Noticed a quicksilver ooze
 28066 | Lair:6   | Noticed an azure jelly
 28565 | Lair:6   | Found a viscous altar of Jiyva.
 29520 | Lair:6   | Offered knowledge of Spellforged Servitor by Vehumet.
 29540 | Lair:6   | Learned a level 7 spell: Spellforged Servitor
 30690 | Lair:6   | Found a one-way gate to the infinite horrors of the Abyss.
 30973 | Lair:6   | Found a corrupted altar of Lugonu.
 31272 | Orc:1    | Entered Level 1 of the Orcish Mines
 31381 | Orc:1    | Noticed Harold
 31387 | Orc:1    | Killed Harold
 32128 | Orc:2    | Entered Level 2 of the Orcish Mines
 32128 | Orc:2    | Found a staircase to the Elven Halls.
 32172 | Orc:1    | Upgraded the game from 0.29-a0-2-g12fcac58f8 to
                  | 0.29-a0-8-g0446c0dae4
 32537 | Orc:1    | Offered knowledge of Lee's Rapid Deconstruction by Vehumet.
 32538 | Orc:1    | Reached skill level 10 in Spellcasting
 32862 | Orc:1    | Reached XP level 15. HP: 66/132 MP: 17/29
 33312 | Orc:2    | Paralysed by an ogre mage for 4 turns
 33573 | Orc:2    | Paralysed by an ogre mage for 5 turns
 34542 | Orc:2    | Found Cofargh's Antique Armour Boutique.
 34542 | Orc:2    | Found Fulloegu's Antique Armour Emporium.
 34542 | Orc:2    | Found Orouj's Book Emporium.
 34542 | Orc:2    | Found Gopraj's Distillery.
 35091 | D:12     | Found a runed translucent door.
 35531 | D:12     | Reached skill level 1 in Earth Magic
 36375 | D:12     | Noticed a frost giant
 36537 | D:12     | Identified the ring "Nadghumol" {rPois rF+ rCorr Str+3}
 36703 | D:12     | Killed a frost giant
 37173 | D:13     | Reached skill level 5 in Earth Magic
 37661 | D:13     | Offered knowledge of Irradiate by Vehumet.
 37842 | D:13     | Reached skill level 1 in Summonings
 38085 | D:13     | Found a gate to the Vaults.
 38805 | D:14     | Reached skill level 5 in Summonings
 39105 | D:15     | Entered Level 15 of the Dungeon
 39433 | D:15     | Shot with a bolt by a yaktaur

Illustrated notes

Levels and vault maps discovered:
D:1:      dpeg_arrival_water_temple_mockup, layout_loops_corners,
          dilly_ecumenical_altar_fadedgnrine, glass_columns_b
D:2:      layout_basic, serial_shops, shop, grunt_decor_cap
D:3:      layout_basic, minmay_misc_feat_enclosed
D:4:      layout_cave_pods, hangedman_minor_gate_pass
D:5:      layout_gridville, serial_shops, nicolae_shop_bloodbath_and_beyond,
          columned_hall_lemuel
D:6:      layout_loops_ring, nicolae_ossuary_entry_catacombs
D:7:      layout_basic, minmay_temple_entry_proselytizer
D:8:      layout_basic, kennysheep_mini, serial_bayou_lagoon_a, uniq_psyche
D:9:      layout_rooms, makhleb_altar_promises_db, orc_0_dummy,
          lemuel_flame_loot_1
D:10:     layout_basic, lair_entry_dummy, uniq_josephine, uniq_sonja,
          uniq_joseph
D:11:     layout_roguey [special_room_kobold], minivault_23, serial_bayou_pond_a
D:12:     layout_grid_maze, minivault_13
D:13:     layout_loops_ring, david_vaults_5, portal_ice_cave_demonic_guard
D:14:     nicolae_cairo_tiling_large_dashed, layout_rooms, skrybe_limestone_x,
          eino_jars
D:15:     grunt_enter_depths_hoard, layout_rooms, nzn_hepliaklqana_mist_gate
Temple:   mainiacjoe_temple_cubbyholes
Lair:1:   layout_roguey, minmay_hedge_maze, beast_lair_carwin_6,
          serial_bayou_shore_b
Lair:2:   layout_small_grid, spider_nest_entry_a
Lair:3:   layout_regular_city, shoals_dummy_entry, gammafunk_ghost_grave,
          chequers_serial_rivers_large_b
Lair:4:   layout_roguey, nzn_random_ring, grunt_megastairs_5
Lair:5:   layout_loops_ring, minmay_slime_entry_oklob_open, serial_bayou_pond_e,
          infiniplex_staircase_pool, serial_bayou_shore_b, lemuel_fruit_fields
Lair:6:   hellmonk_lair_end_abyssal_woods, layout_regular_city,
          gammafunk_ghost_ooze, nicolae_lair_lakeside_cave,
          serial_bayou_shore_a, lemuel_fruit_tree
Orc:1:    layout_caves, uniq_harold
Orc:2:    st_orc_ogre_mass, layout_caves, minmay_orc_keep

Skill      XL: |  1  2  3  4  5  6  7  8  9 10 11 12 13 14 15 |
---------------+----------------------------------------------+-----
Conjurations   | 5 6 7 10 13 14 | 14.0
Spellcasting   | 3 4 6 10 11 | 11.0
Fighting       | 3 10 12 | 12.0
Dodging        | 3 7 |  7.0
Fire Magic     | 3 7 11 13 14 | 14.0
Hexes          | 3 |  3.2
Stealth        | 6 9 |  9.5
Earth Magic    | 6 |  6.5
Summonings     | 5 |  5.6

Action                   |  1- 3 |  4- 6 |  7- 9 | 10-12 | 13-15 || total
-------------------------+-------+-------+-------+-------+-------++-------
Melee: Unarmed           |     4 |       |       |       |       ||     4
       Tailslap          |     1 |       |    12 |    18 |    58 ||    89
       Quarterstaff      |     5 |     3 |       |       |       ||     8
       Short sword       |       |     5 |    71 |       |   273 ||   349
       Punch             |       |       |     1 |     2 |     6 ||     9
       Scimitar          |       |       |    26 |    24 |       ||    50
       Whip              |       |       |       |    38 |     6 ||    44
       Bite              |       |       |       |       |    24 ||    24
 Cast: Magic Dart        |    80 |    46 |    50 |   124 |    97 ||   397
       Searing Ray       |     1 |    18 |    59 |    54 |    64 ||   196
       Sticky Flame      |       |       |    15 |    58 |    82 ||   155
       Fireball          |       |       |       |    91 |   310 ||   401
       Dazzling Flash    |       |       |       |     9 |     4 ||    13
       Scorch            |       |       |       |     1 |     9 ||    10
       Stone Arrow       |       |       |       |       |    50 ||    50
       Spellforged Servi |       |       |       |       |     1 ||     1
 Abil: Breathe Acid      |       |       |     7 |     7 |    10 ||    24
Evoke: Wand              |       |       |       |     1 |     1 ||     2
  Use: Potion            |       |       |       |     1 |     1 ||     2
       Scroll            |       |       |       |       |     3 ||     3
 Stab: Sleeping          |       |     1 |     2 |       |     1 ||     4
       Paralysed         |       |       |       |     7 |       ||     7
       Invisible         |       |       |       |     1 |       ||     1
       Distracted        |       |       |       |       |     1 ||     1
Armor: Skin              |     4 |     8 |    76 |    72 |   257 ||   417
Dodge: Dodged            |    11 |    17 |   154 |   168 |   515 ||   865

Table legend: (Time is in decaauts)
 A = Elapsed time spent in this place.
 B = Non-inter-level travel time spent in this place.
 C = Inter-level travel time spent in this place.
 D = Time resting spent in this place.
 E = Time spent auto-exploring this place.
 F = Levels seen in this place.
 G = Mean time per level.
                   A        B        C        D        E       F      G
               +--------+--------+--------+--------+--------+-----+--------+
         Total |  39631 |  38266 |   1365 |   4478 |  28377 |  25 | 1585.2 |
       Dungeon |  21529 |  20757 |    772 |   2589 |  15589 |  15 | 1435.3 |
        Temple |    360 |    307 |     53 |      0 |    305 |   1 |  360.0 |
          Lair |  13923 |  13578 |    345 |    529 |  10850 |   6 | 2320.5 |
  Orcish Mines |   3386 |   3192 |    194 |   1360 |   1316 |   2 | 1693.0 |
       Ossuary |    431 |    431 |      0 |      0 |    316 |   1 |  431.0 |
               +--------+--------+--------+--------+--------+-----+--------+

Top non-repeatable levels by time:
  Lair:6: 4453 daAuts
   Orc:1: 2663 daAuts
    D:10: 2516 daAuts
  Lair:5: 2349 daAuts
    D:12: 2231 daAuts
    D:11: 2107 daAuts
  Lair:2: 1908 daAuts
  Lair:4: 1894 daAuts
     D:6: 1798 daAuts
  Lair:1: 1749 daAuts
     D:8: 1600 daAuts
  Lair:3: 1566 daAuts
     D:7: 1499 daAuts
     D:1: 1495 daAuts
     D:9: 1458 daAuts
